 Dungeon Crawl Stone Soup version 0.22-a0-402-ga933591 (webtiles) character file.

599226 Klosterheim the Sorcerer (level 26, -8/150 HPs)
             Began as a Deep Elf Conjurer on May 2, 2018.
             Was the Champion of Sif Muna.
             Mangled by a death cob (19 damage)
             ... on level 5 of the Realm of Zot on May 7, 2018.
             The game lasted 06:30:47 (106977 turns).

Klosterheim the Sorcerer (Deep Elf Conjurer)      Turns: 106977, Time: 06:30:47

Health: -8/150     AC: 27    Str:  1      XL:     26   Next: 44%
Magic:  14/64      EV: 24    Int: 32 (33) God:    Sif Muna [******]
Gold:   3535       SH:  9    Dex: 20      Spells: 10/78 levels left

rFire    + + +     SeeInvis +   S - staff of wizardry
rCold    . . .     Gourm    .   T - +3 buckler {AC+3}
rNeg     + . .     Faith    .   x - +3 leather armour of Restlessness {MR+ MP+9}
rPois    +         Spirit   .   q - +0 hat "Jieh" {+Fly rN+ Regen+}
rElec    .         Reflect  .   D - +2 cloak {+Inv}
rCorr    .         Harm     .   C - +3 pair of gauntlets of War {Slay+5}
MR       ++++.     Rnd*Tele +   n - +2 pair of boots {Stlth+}
Stlth    ++++++++..             Z - amulet "Bicequs" {RegenMP rF+ MR+ Int+3}
HPRegen  0.75/turn              h - +5 ring of protection
MPRegen  0.64/turn              u - ring of the Good {rPois rF+++ Str-2 Int-3 SInv}

@: agile, about to teleport, hasted and slowed, studying Armour, drained, divine
energy
A: blink, deterioration 1, fire resistance 1, teleportitis 1, weak 1
}: 3/15 runes: barnacled, silver, gossamer
a: Blink, Stop Divine Energy, Channel Magic, Forget Spell, Renounce Religion,
Evoke Invisibility, Evoke Flight


You were on level 5 of the Realm of Zot.
You worshipped Sif Muna.
Sif Muna was exalted by your worship.
You were hungry.

You visited 9 branches of the dungeon, and saw 47 of its levels.
You visited 1 ziggurat, and saw 10 of its levels.
You also visited: Labyrinth, Bailey and Wizlab.

You collected 5521 gold pieces.
You spent 1986 gold pieces at shops.

Inventory:

Hand Weapons
 a - the +6 Majin-Bo {vamp, Archmagi MP+6 Int+6}
   (You took it off a Hellbinder in a wizard's laboratory)

   It inflicts no extra harm, but heals its wielder when it wounds a living foe.
   It affects your intelligence (+6).
   It affects your magic capacity (+6).
Armour
 n - a +2 pair of boots of stealth (worn)
 q - the +0 hat "Jieh" (worn) {+Fly rN+ Regen+}
   (You found it on level 2 of the Vaults)

   It protects you from negative energy.
   It lets you fly.
   It increases your rate of regeneration.
 x - the +3 leather armour of Restlessness (worn) {MR+ MP+9}
   (You found it in a bailey)

   It affects your resistance to hostile enchantments.
   It affects your magic capacity (+9).
 C - the +3 pair of gauntlets of War (worn) {Slay+5}
   (You acquired it on level 5 of the Depths)

   It affects your accuracy and damage with ranged weapons and melee attacks
   (+5).
 D - a +2 cloak of invisibility (worn)
 R - the +3 hat of Pondering {ponderous, MR+ MP+10 Int+5}
   (You took it off Gastronok on level 11 of the Dungeon)

   It affects your intelligence (+5).
   It affects your resistance to hostile enchantments.
   It affects your magic capacity (+10).
 T - a +3 buckler of protection (worn)
Magical Staves
 S - an uncursed staff of wizardry (weapon)
Jewellery
 h - a +5 ring of protection (left hand)
 u - the ring of the Good (right hand) {rPois rF+++ Str-2 Int-3 SInv}
   (You found it in a wizard's laboratory)

   [ring of see invisible]

   It affects your strength (-2).
   It affects your intelligence (-3).
   It renders you almost immune to fire.
   It protects you from poison.
   It lets you see invisible.
 M - the ring of Ywikiu {rC+ Dex+3}
   (You took it off a deep elf mage on level 5 of the Vaults)

   [ring of protection from cold]

   It affects your dexterity (+3).
   It protects you from cold.
 V - a +6 ring of evasion
 Z - the amulet "Bicequs" (around neck) {RegenMP rF+ MR+ Int+3}
   (You took it off a necromancer on level 3 of the Depths)

   [amulet of magic regeneration]

   It increases your magic regeneration.
   It affects your intelligence (+3).
   It protects you from fire.
   It affects your resistance to hostile enchantments.
Wands
 p - a wand of enslavement (13)
 v - a wand of iceblast (50)
 w - a wand of disintegration (14)
 y - a wand of polymorph (22)
 B - a wand of acid (63)
 G - a wand of scattershot (10)
Scrolls
 b - a scroll of blinking
 d - 9 scrolls of enchant armour
 f - 4 scrolls of amnesia
 g - 8 scrolls of teleportation
 i - 19 scrolls of remove curse
 m - a scroll of summoning
 r - 7 scrolls of fog
 J - 2 scrolls of silence
 N - 17 scrolls of identify
 Q - 2 scrolls of fear
 W - a scroll of holy word
Potions
 e - 4 potions of haste
 k - 4 potions of flight
 l - 3 potions of resistance
 s - 13 potions of curing
 z - 9 potions of lignification
 E - 4 potions of brilliance
 F - 3 potions of mutation
 K - a potion of cancellation
 U - 3 potions of ambrosia
 Y - a potion of invisibility
Books
 H - a manual of Armour
Miscellaneous
 j - a phial of floods
 A - 5 sacks of spiders
 O - a fan of gales
 X - a crystal ball of energy
Comestibles
 c - 48 rations
 I - a chunk of flesh


   Skills:
 - Level 11.0(10.6) Fighting
 - Level 12.0(11.6) Armour
 + Level 21.3(20.8) Dodging
 * Level 15.2(14.7) Stealth
 - Level 4.0(3.7) Shields
 + Level 26.6(26.1) Spellcasting
 - Level 15.0(14.6) Conjurations
 - Level 8.0(7.6) Hexes
 - Level 15.0(14.6) Translocations
 * Level 25.5(25.0) Ice Magic
 - Level 8.0(7.6) Poison Magic


You had 10 spell levels left.
You knew the following spells:

 Your Spells              Type           Power        Failure   Level  Hunger
a - Poison Arrow          Conj/Pois      #######...   1%          6    None
b - Bolt of Cold          Conj/Ice       ########..   1%          6    None
c - Orb of Destruction    Conj           #######...   1%          7    None
d - Invisibility          Hex            ######..     3%          6    None
e - Metabolic Englaciati  Hex/Ice        #######...   1%          5    None
f - Glaciate              Conj/Ice       ########..   16%         9    ####...
h - Darkness              Hex            ######....   3%          6    None
j - Gell's Gravitas       Tloc           #######...   0%          3    None
k - Olgreb's Toxic Radia  Pois           ######..     1%          4    None
m - Passage of Golubria   Tloc           N/A          1%          4    None
n - Controlled Blink      Tloc           N/A          9%          8    #......
o - Apportation           Tloc           ######       0%          1    None
p - Ignite Poison         Fire/Tmut/Pois ######..     1%          3    None


Dungeon Overview and Level Annotations

Branches:
Dungeon (15/15)            Temple (1/1) D:5            Lair (6/6) D:10
 Shoals (4/4) Lair:3       Spider (4/4) Lair:4        Slime (0/5) Lair:6
    Orc (2/2) D:12            Elf (0/3) Orc:2        Vaults (5/5) D:14
  Crypt (0/3) Vaults:3     Depths (5/5) D:15            Zot (5/5) Depths:5

Altars:
Ashenzari
Dithmenos
Fedhas
Hepliaklqana
Kikubaaqudgha
Makhleb
Nemelex Xobeh
Okawaru
Qazlal
Ru
Sif Muna
Trog
Vehumet
Wu Jian
Xom
Yredelemnul
Zin
The Shining One
Beogh

Shops:
D:13 =   Orc:1 [   Orc:2 ![==   Vaults:2 !   Vaults:4 %   Depths:5 %*

Portals:
Hell: Depths:1 Depths:2 Depths:3 Depths:4 Depths:5
Abyss: Depths:3 Depths:4
Pandemonium: Depths:2 Depths:3


Innate Abilities, Weirdness & Mutations

You can translocate small distances at will.
Your body sometimes deteriorates upon taking damage.
Your flesh is heat resistant. (rF+)
You are occasionally teleported next to monsters.
You are weak. (Str -2)


Message History

The death cob closely misses you.
The Killer Klown tickles your golden dragon.
The Killer Klown shocks your golden dragon!
Your golden dragon resists.
The death cob hits you!!
* * * LOW HITPOINT WARNING * * *
Your body deteriorates!
You feel dopey. The death cob drains your vigour!
You feel as though you will be slow longer.
Your golden dragon bites the Killer Klown!
Your golden dragon barely misses the Killer Klown. x2
Your black draconian is engulfed in poison gas.
Your black draconian looks even sicker.
Your death cob closely misses the yellow draconian monk.
Unknown command.
Unknown command.
Unknown command.
Okay, then.
You feel better. You block the death cob's attack. The death cob hits you!!
You die...

**,,,,.)....8))8........▓,,,,,..
**,,§..................d,,,,,0.
**,,,,..........ld......▓,,,,,,,
**,,,,,.......d..q.......▓*,,,,,,
*,,,,,,.....q.p.k^p......▓**,,,,,
*,,,,,,.........d..pX....# ******
**,,,,,.......§§qzDq....#*
**,,,,........z.d^...▓##
**,,,.......§z@d§▓▓▓▓
**,,...##▓▓▓▓▓#▓▓****
**,,,..,,,,,,,,,,,,,,***
**,,,,.,,,,,,,,,,,**,,,,**
**,,,,,,,,,,,,,,,,,,***,,,*******
*,,,,,,,,,,,,,,,,,,,,***,,,,,,,,,
*,,,,,,,,,,,,,,,,,,,,* **,,,,,,,,
*,,,,,,,,,,,,,,,,,,,,* *,,,,,,,,
*,,,,,,,,,,,,,,,,,,,,* **,,,,,,,


You could see 3 Killer Klowns, a yellow draconian monk, a black draconian, a
green draconian, a black draconian shifter, 2 death cobs, a green draconian
stormcaller, an Orb Guardian, a wind drake, a komodo dragon, a friendly black
draconian knight, a friendly golden dragon, 3 friendly draconians and a friendly
death cob.

Vanquished Creatures
  A juggernaut (Depths:4)
  4 orbs of fire (Zot:5)
  2 pandemonium lords (Zig:10)
  Sojobo (Vaults:3)
  Xtahua (Depths:5)
  2 curse toes
  2 Killer Klowns (Zig:10)
  12 golden dragons
  5 caustic shrikes (Depths:3)
  Nikola (Spider:2)
  Jory (Vaults:4)
  A bone dragon (Depths:5)
  A Hellbinder (WizLab)
  Jorgrun (Vaults:2)
  An electric golem (Zig:8)
  11 tentacled monstrosities
  6 quicksilver dragons
  A lich (Vaults:5)
  7 titans
  7 Orb Guardians (Zot:5)
  A deep elf blademaster (Zig:3)
  2 acid blobs (Zig:6)
  4 death cobs
  3 sphinxes
  Agnes (Spider:1)
  Gastronok (D:11)
  A kraken (Shoals:2)
  Roxanne (Shoals:4)
  Ilsuiw (Shoals:4)
  10 storm dragons
  9 shadow dragons
  Donald (Shoals:4)
  12 tengu reavers
  An azure jelly (Zig:6)
  3 draconian monks
  12 fire giants
  An iron dragon (Vaults:5)
  16 frost giants
  2 draconian shifters
  21 vault wardens
  3 balrugs
  4 draconian scorchers
  An orc warlord (Orc:2)
  2 cacodemons (WizLab)
  A draconian knight (Zot:3)
  7 ghost moths
  7 emperor scorpions
  3 deep elf sorcerers
  2 angels (Depths:5)
  4 draconian annihilators
  14 ironheart preservers
  5 deep elf elementalists
  A spriggan defender (Depths:2)
  2 draconian stormcallers
  A war gargoyle (Vaults:4)
  24 stone giants
  A ghoul (Vaults:3)
  12 very ugly things
  7 green draconians
  10 entropy weavers
  A black sun (WizLab)
  5 black draconians
  2 deep elf demonologists
  3 vampire knights
  4 deep elf annihilators
  4 red draconians
  6 white draconians
  A dire elephant (Zig:7)
  10 spark wasps
  A minotaur (Lab)
  10 yellow draconians
  3 purple draconians
  19 ettins
  A blizzard demon (WizLab)
  An eidolon (Zig:1)
  Snorg (D:13)
  5 deep elf death magi
  5 merfolk javelineers
  4 green deaths (WizLab)
  6 fire dragons
  A crystal guardian (Vaults:5)
  5 merfolk impalers
  21 yaktaur captains
  38 vault guards
  6 ice dragons
  15 ogre magi
  6 great orbs of eyes
  11 hydras
  2 rakshasas (Vaults:3)
  Harold (D:11)
  6 deep elf high priests (Vaults:5)
  4 catoblepae
  The ghost of Karim the Ducker, a journeyman GnWn of Nemelex Xobeh (Lair:2)
  4 spriggan air magi
  6 centaur warriors
  2 alligator snapping turtles
  2 merfolk avatars
  A death knight (Vaults:5)
  3 satyrs (Shoals:3)
  6 merfolk aquamancers
  9 tengu warriors
  2 dancing weapons (Vaults:5)
  A two-headed ogre (shapeshifter) (Depths:2)
  A queen ant (Spider:2)
  3 death yaks (Lair:6)
  7 deep troll earth magi
  49 two-headed ogres
  13 deep troll shamans
  The ghost of iamserjio the Destroyer, a novice BaWz of Vehumet (D:8)
  4 sun demons
  4 vampire magi
  A shock serpent (shapeshifter) (Zig:10)
  4 spriggans
  5 spriggan berserkers
  27 hell knights
  2 fire crabs (shapeshifter)
  A sixfirhy (WizLab)
  8 deep elf knights
  34 deep trolls
  2 soul eaters (WizLab)
  5 iron trolls
  10 wizards
  5 sea snakes
  A deep troll (shapeshifter) (Depths:5)
  2 glowing orange brains (shapeshifter)
  2 shadow demons
  A swamp dragon (shapeshifter) (Depths:4)
  A glowing orange brain (Depths:2)
  2 skeletal warriors (D:15)
  2 unseen horrors
  2 flayed ghosts
  4 deep elf archers
  The ghost of Galewind the Thaumaturge, a novice DEFE of Vehumet (D:9)
  A lindwurm (shapeshifter) (Depths:2)
  A tengu zombie (Vaults:2)
  A wolf spider zombie (D:14)
  29 deep elf magi
  7 phantasmal warriors
  7 harpies
  51 ugly things
  8 orb spiders
  13 ironbrand convokers
  12 orc knights
  10 necromancers
  A sphinx zombie (Vaults:2)
  3 orc sorcerers
  29 wolf spiders
  19 manticores
  A frost giant zombie (Vaults:3)
  5 cyclopes
  A shining eye (Zig:6)
  9 fauns
  9 oklob plants
  15 elephants
  A moth of wrath (shapeshifter) (Vaults:1)
  A salamander (Depths:4)
  20 moths of wrath
  4 black mambas
  The ghost of nikopol the Thaumaturge, a novice DEFE of Vehumet (D:6)
  A frost giant skeleton (Vaults:3)
  9 water nymphs
  3 water nymphs (shapeshifter)
  19 vault sentinels
  An apocalypse crab (Zig:10)
  A rust devil (WizLab)
  A fire giant skeleton (D:15)
  A torpor snail (shapeshifter) (Vaults:4)
  2 guardian serpents (shapeshifter)
  An eye of devastation (Zig:6)
  3 smoke demons
  7 merfolk sirens (Shoals:4)
  A gargoyle (D:13)
  A stone giant skeleton (Vaults:2)
  Maurice (D:8)
  An orange demon (Depths:2)
  4 torpor snails
  10 spiny frogs
  2 rime drakes
  The ghost of TheNamelessOne the Changer, a novice MfTm of Cheibriados (D:5)
  A hellion (Zig:4)
  7 freezing wraiths
  3 efreet (Zot:3)
  A komodo dragon (shapeshifter) (Vaults:3)
  74 yaktaurs
  A kobold demonologist (D:11)
  6 komodo dragons
  A yaktaur zombie (D:15)
  5 red devils
  2 tengu conjurers
  2 hellwings
  21 trolls
  8 demonic crawlers
  4 harpy zombies
  A spriggan skeleton (D:15)
  3 ice devils (WizLab)
  9 meliai
  A troll (shapeshifter) (Depths:4)
  3 wind drakes
  28 jumping spiders
  28 merfolk
  Grinder (D:3)
  3 polar bears
  A wind drake (shapeshifter) (Depths:1)
  A dream sheep (shapeshifter) (Vaults:4)
  14 hornets
  A blink frog (shapeshifter) (D:14)
  10 blink frogs
  Prince Ribbit (D:8)
  49 slime creatures
  An ettin zombie (D:15)
  3 raiju (Zig:8)
  A snapping turtle (shapeshifter) (Zig:10)
  The ghost of VDreamerV the Changer, an amateur OpTm of Elyvilon (D:4)
  2 dream sheep (Zig:7)
  A human simulacrum (Vaults:4)
  7 snapping turtles
  An air elemental (Zig:8)
  12 hippogriffs
  An ettin skeleton (Vaults:4)
  6 wyverns
  62 redbacks
  A flying skull (Vaults:3)
  A shadow (D:12)
  24 tarantellas
  Eustachio (D:5)
  14 water elementals
  4 wraiths
  28 yaks
  3 fire bats (Depths:5)
  2 ynoxinuls (WizLab)
  3 hungry ghosts
  A fire elemental (Zig:3)
  6 basilisks
  6 chaos spawn
  A neqoxec (Depths:2)
  An elf skeleton (Zig:4)
  Edmund (D:5)
  Menkaure (D:5)
  A yaktaur simulacrum (Vaults:3)
  A swamp worm (shapeshifter) (Zig:10)
  6 vampire mosquitoes
  3 wargs
  A naga (shapeshifter) (D:14)
  An insubstantial wisp (Zig:8)
  25 soldier ants
  2 acid dragons
  11 water moccasins
  11 porcupines
  Duvessa (D:7)
  A floating eye (Depths:3)
  4 ice beasts
  6 sky beasts
  A floating eye (shapeshifter) (Vaults:5)
  55 orc warriors
  4 eyes of draining
  A black bear (shapeshifter) (Depths:3)
  A human zombie (Vaults:2)
  2 black bears
  An eye of draining (shapeshifter) (Depths:3)
  An ice beast (shapeshifter) (Vaults:3)
  45 ogres
  17 wolves
  An ettin simulacrum (Vaults:3)
  12 boggarts
  31 centaurs
  9 crocodiles
  3 big kobolds
  16 bullfrogs
  2 hippogriff zombies (Shoals:1)
  A glowing shapeshifter simulacrum (Vaults:1)
  2 gnoll sergeants (D:9)
  Blork the orc (D:6)
  A wyvern zombie (D:14)
  10 scorpions
  Dowan (D:7)
  14 killer bees
  An orc simulacrum (Vaults:2)
  9 wights
  9 electric eels
  3 howler monkeys
  11 crimson imps
  3 centaur zombies
  A lava snake (Lair:3)
  A bullfrog zombie (D:9)
  14 jellies
  29 orc wizards
  19 orc priests
  6 hounds
  3 iron imps (Depths:2)
  A bullfrog skeleton (D:10)
  4 centaur skeletons
  5 iguanas
  36 worker ants
  A hound zombie (D:9)
  6 gnolls
  6 adders
  3 shadow imps
  12 oozes
  An adder zombie (D:9)
  8 worms
  2 dart slugs
  4 leopard geckos
  123 orcs
  3 ball pythons
  A bat zombie (Shoals:1)
  4 giant cockroaches
  9 goblins
  8 hobgoblins
  19 jackals
  6 quokkas
  8 bats
  12 frilled lizards
  19 kobolds
  2 leopard gecko skeletons
  A leopard gecko zombie (D:5)
  10 rats
  A fulminant prism (D:5)
  10 fungi
  5 plants
  A tentacle (Shoals:2)
  A withered plant (D:15)
2293 creatures vanquished.

Vanquished Creatures (others)
  A storm dragon (Vaults:5)
  A fire giant (Vaults:5)
  3 elephants (Lair:5)
  A rime drake (Lair:4)
  A troll (Zot:3)
  2 blink frogs (Lair:6)
  A kobold (D:11)
  73 blocks of ice
  101 fulminant prisms
  19 fungi
  26 plants
  3 tentacles (Shoals:2)
  10 withered plants (D:15)
242 creatures vanquished.

Grand Total: 2535 creatures vanquished

Notes
Turn   | Place    | Note
-------+----------+-------------------------------------------
     0 | D:1      | Klosterheim the Deep Elf Conjurer began the quest for the Orb.
     0 | D:1      | Reached XP level 1. HP: 10/10 MP: 6/6
   297 | D:1      | Reached XP level 2. HP: 15/15 MP: 6/8
   604 | D:1      | Reached skill level 5 in Conjurations
  1274 | D:1      | Reached XP level 3. HP: 19/19 MP: 7/10
  1817 | D:2      | Learned a level 2 spell: Searing Ray
  2120 | D:2      | Reached skill level 4 in Spellcasting
  2672 | D:3      | Reached XP level 4. HP: 24/24 MP: 10/12
  2738 | D:3      | Noticed Grinder
  3735 | D:4      | Noticed VDreamerV's ghost (amateur OpTm)
  3743 | D:4      | Killed VDreamerV's ghost
  3743 | D:4      | Reached skill level 5 in Spellcasting
  3743 | D:4      | Reached XP level 5. HP: 28/28 MP: 3/14
  3743 | D:4      | Reached XP level 6. HP: 32/32 MP: 3/16
  4014 | D:4      | Learned a level 4 spell: Iskenderun's Mystic Blast
  4019 | D:4      | Learned a level 4 spell: Fulminant Prism
  4224 | D:4      | Reached skill level 1 in Hexes
  4735 | D:4      | Reached XP level 7. HP: 35/36 MP: 3/17
  5108 | D:5      | Entered Level 5 of the Dungeon
  5109 | D:5      | Noticed Edmund
  5122 | D:5      | Killed Edmund
  5122 | D:5      | Reached skill level 6 in Spellcasting
  5323 | D:5      | Noticed TheNamelessOne's ghost (novice MfTm)
  5339 | D:5      | Killed TheNamelessOne's ghost
  5503 | D:5      | Found a stormy altar of Qazlal.
  5628 | D:5      | Found a sacrificial altar of Ru.
  5632 | D:5      | Noticed Eustachio
  5691 | D:5      | Killed Eustachio
  5691 | D:5      | Reached XP level 8. HP: 41/41 MP: 8/20
  6019 | D:5      | Found a staircase to the Ecumenical Temple.
  6069 | D:5      | Reached skill level 7 in Spellcasting
  6091 | Temple   | Entered the Ecumenical Temple
  6194 | Temple   | Became a worshipper of Sif Muna the Loreminder
  6400 | D:5      | Reached skill level 5 in Stealth
  6558 | D:5      | Noticed Menkaure
  6567 | D:5      | Killed Menkaure
  6567 | D:5      | Reached skill level 5 in Dodging
  6647 | D:5      | Found a bloodstained altar of Trog.
  6732 | D:6      | Noticed nikopol's ghost (novice DEFE)
  6741 | D:6      | Killed nikopol's ghost
  7056 | D:6      | Reached XP level 9. HP: 37/45 MP: 15/22
  7125 | D:6      | Learned a level 3 spell: Dazzling Spray
  7130 | D:6      | Learned a level 4 spell: Force Lance
  7329 | D:6      | Reached skill level 8 in Spellcasting
  7765 | D:3      | Killed Grinder
  7765 | D:3      | Reached skill level 10 in Conjurations
  8064 | D:6      | Reached * piety under Sif Muna
  8377 | D:6      | Noticed Blork the orc
  8381 | D:6      | Killed Blork the orc
  8807 | D:6      | Found a blossoming altar of Fedhas.
  8820 | D:6      | Found an ornate altar of the Wu Jian Council.
  8977 | D:7      | Learned a level 1 spell: Confusing Touch
  9531 | D:7      | Noticed Dowan
  9542 | D:7      | Reached skill level 9 in Spellcasting
  9620 | D:7      | Noticed Duvessa
  9700 | D:7      | Killed Dowan
  9703 | D:7      | Killed Duvessa
  9703 | D:7      | Reached ** piety under Sif Muna
 10668 | D:8      | Reached XP level 10. HP: 44/50 MP: 6/25
 10908 | D:8      | Noticed Prince Ribbit
 10926 | D:8      | Killed Prince Ribbit
 10945 | D:8      | Noticed iamserjio's ghost (novice BaWz)
 11125 | D:8      | Noticed Maurice
 11417 | D:8      | Killed Maurice
 12101 | D:8      | Killed iamserjio's ghost
 12486 | D:9      | Noticed Galewind's ghost (novice DEFE)
 12585 | D:9      | Reached skill level 1 in Fighting
 12585 | D:9      | Reached skill level 10 in Spellcasting
 12669 | D:9      | Killed Galewind's ghost
 12737 | D:9      | Reached *** piety under Sif Muna
 13941 | D:9      | Reached XP level 11. HP: 41/60 MP: 14/27
 13974 | D:9      | Identified 3 scrolls of acquirement
 15145 | D:10     | Entered Level 10 of the Dungeon
 15187 | D:10     | Found a flagged portal.
 15197 | Bailey   | Entered a bailey
 15709 | Bailey   | Reached skill level 11 in Spellcasting
 16955 | Bailey   | Got a polished leather armour
 17450 | D:10     | Reached skill level 10 in Stealth
 17899 | D:10     | Found a staircase to the Lair.
 17928 | D:10     | Found an ancient bone altar of Kikubaaqudgha.
 17964 | D:10     | Noticed a two-headed ogre
 17970 | D:10     | Killed a two-headed ogre
 17970 | D:10     | Reached skill level 10 in Dodging
 17995 | D:10     | Reached **** piety under Sif Muna
 18290 | Lair:1   | Entered Level 1 of the Lair of Beasts
 18311 | Lair:1   | Reached skill level 12 in Spellcasting
 18314 | Lair:1   | Noticed a four-headed hydra
 18334 | Lair:1   | Killed a four-headed hydra
 18554 | Lair:1   | Reached skill level 13 in Spellcasting
 18725 | Lair:1   | Noticed an oklob plant
 18915 | Lair:1   | Noticed an oklob plant
 18928 | Lair:1   | Killed an oklob plant
 19038 | Lair:1   | Killed an oklob plant
 19301 | Lair:1   | Noticed an eight-headed hydra
 19307 | Lair:1   | Killed an eight-headed hydra
 19307 | Lair:1   | Reached skill level 14 in Spellcasting
 19307 | Lair:1   | Reached XP level 12. HP: 66/66 MP: 9/32
 19811 | Lair:2   | Noticed Karim's ghost (journeyman GnWn)
 19849 | Lair:2   | Killed Karim's ghost
 20070 | Lair:2   | Identified the +3 leather armour of Restlessness {MR+ MP+9} (You found it in a bailey)
 20239 | Lair:2   | Reached skill level 15 in Spellcasting
 20242 | Lair:2   | Reached ***** piety under Sif Muna
 20385 | Lair:2   | Received a gift from Sif Muna
 20402 | Lair:2   | Learned a level 2 spell: Poisonous Vapours
 20917 | Lair:2   | Reached skill level 16 in Spellcasting
 21174 | Lair:3   | Found a staircase to the Shoals.
 22003 | Lair:3   | Reached skill level 17 in Spellcasting
 22887 | Lair:4   | Noticed a catoblepas
 23149 | Lair:4   | Reached skill level 18 in Spellcasting
 23234 | Lair:4   | Identified Sif Muna's Volume of Moulding and Confrontation (Sif Muna gifted it to you on level 4 of the Lair of Beasts)
 23234 | Lair:4   | Received a gift from Sif Muna
 23784 | Lair:4   | Reached XP level 13. HP: 70/70 MP: 31/37
 24242 | Lair:4   | Found a hole to the Spider Nest.
 24904 | Lair:5   | Reached skill level 19 in Spellcasting
 25611 | Lair:5   | Found a sacrificial altar of Ru.
 25945 | Lair:6   | Entered Level 6 of the Lair of Beasts
 26364 | Lair:6   | Found a staircase to the Slime Pits.
 27259 | Lair:6   | Identified Sif Muna's Compendium of the Mutagenic Voyage (Sif Muna gifted it to you on level 6 of the Lair of Beasts)
 27259 | Lair:6   | Received a gift from Sif Muna
 27502 | Lair:6   | Reached skill level 1 in Translocations
 27502 | Lair:6   | Reached skill level 1 in Poison Magic
 27853 | Lair:6   | Reached skill level 20 in Spellcasting
 28535 | Lair:6   | Reached XP level 14. HP: 76/76 MP: 32/40
 29333 | D:11     | Learned a level 2 spell: Blink
 29713 | D:11     | Noticed Gastronok
 29721 | D:11     | Killed Gastronok
 29738 | D:11     | Learned a level 3 spell: Gell's Gravitas
 29743 | D:11     | Learned a level 4 spell: Olgreb's Toxic Radiance
 29749 | D:11     | Learned a level 5 spell: Irradiate
 29903 | D:11     | Learned a level 4 spell: Passage of Golubria
 30484 | D:11     | Reached skill level 5 in Translocations
 30484 | D:11     | Reached skill level 5 in Poison Magic
 30596 | D:11     | Noticed Harold
 30601 | D:11     | Killed Harold
 30897 | D:12     | Found a labyrinth entrance.
 30913 | Lab      | Entered a labyrinth
 31017 | Lab      | Learned a level 6 spell: Poison Arrow
 31123 | Lab      | Identified Sif Muna's Grimoire of Doomed Fire (Sif Muna gifted it to you in a labyrinth)
 31123 | Lab      | Received a gift from Sif Muna
 31132 | Lab      | Identified the Incunabulum of the Dragonfly
 31134 | Lab      | Got a steaming leather armour
 31145 | Lab      | Got a wizard robe
 31147 | Lab      | Identified the Disquisition on the Compass
 31191 | D:12     | Identified the +1 robe of Inviolability {rPois} (You found it in a labyrinth)
 31201 | D:12     | Identified the +1 leather armour of Impressiveness {*Contam rC+ Dex+4} (You found it in a labyrinth)
 31972 | D:12     | Found a staircase to the Orcish Mines.
 32140 | D:12     | Learned a level 1 spell: Apportation
 32146 | D:12     | Learned a level 5 spell: Venom Bolt
 32148 | Orc:1    | Entered Level 1 of the Orcish Mines
 32312 | Orc:1    | Found a roughly hewn altar of Beogh.
 32395 | Orc:1    | Found Hovvoph's Antique Armour Shoppe.
 32425 | Orc:1    | Bought a pair of glowing gloves for 142 gold pieces
 32435 | Orc:1    | Bought a pair of boots for 85 gold pieces
 32435 | Orc:1    | Bought a buckler for 85 gold pieces
 32579 | Orc:2    | Entered Level 2 of the Orcish Mines
 32966 | Orc:2    | Reached skill level 1 in Shields
 33000 | Orc:2    | Noticed an orc warlord
 33024 | Orc:2    | Killed an orc warlord
 33304 | Orc:2    | Found a staircase to the Elven Halls.
 34204 | Orc:2    | Noticed a stone giant
 34321 | Orc:2    | Killed a stone giant
 34619 | Orc:2    | Reached XP level 15. HP: 80/80 MP: 41/41
 34626 | Orc:2    | Identified Sif Muna's Compendium of Attacks (Sif Muna gifted it to you on level 2 of the Orcish Mines)
 34626 | Orc:2    | Received a gift from Sif Muna
 34736 | Orc:2    | Found Myetes's Distillery.
 34740 | Orc:2    | Found Maothol's Jewellery Boutique.
 34740 | Orc:2    | Found Biruz's Antique Armour Emporium.
 34750 | Orc:2    | Found Ruiliopp's Jewellery Shoppe.
 35090 | Orc:2    | Reached skill level 10 in Translocations
 36403 | D:13     | Found Peghobum's Jewellery Shoppe.
 36411 | D:13     | Bought a +6 ring of evasion for 1404 gold pieces
 36606 | D:13     | Learned a level 3 spell: Ignite Poison
 36733 | D:13     | Reached skill level 5 in Fighting
 36786 | D:13     | Noticed Snorg
 36790 | D:13     | Killed Snorg
 38003 | D:14     | Found a gate to the Vaults.
 38876 | D:14     | Found a glowing golden altar of the Shining One.
 38899 | D:15     | Entered Level 15 of the Dungeon
 39057 | D:15     | Received a gift from Sif Muna
 39065 | D:15     | Learned a level 5 spell: Iskenderun's Battlesphere
 39424 | D:15     | Found a staircase to the Depths.
 39447 | D:15     | Reached skill level 15 in Conjurations
 39960 | D:15     | Reached XP level 16. HP: 88/88 MP: 39/42
 40370 | D:15     | Noticed a tengu reaver
 40372 | D:15     | Killed a tengu reaver
 40897 | Spider:1 | Entered Level 1 of the Spider Nest
 40897 | Spider:1 | Noticed Agnes
 40900 | Spider:1 | Killed Agnes
 41474 | Spider:1 | Learned a level 5 spell: Metabolic Englaciation
 41538 | Spider:1 | Reached skill level 1 in Ice Magic
 43237 | Spider:2 | Reached skill level 15 in Dodging
 43310 | Spider:2 | Reached skill level 5 in Ice Magic
 43580 | Spider:2 | Noticed Nikola
 43584 | Spider:2 | Killed Nikola
 44266 | Spider:3 | Identified Qoir's Papyrus of Assistive Companions (Sif Muna gifted it to you on level 3 of the Spider Nest)
 44266 | Spider:3 | Received a gift from Sif Muna
 44290 | Spider:3 | Reached XP level 17. HP: 93/93 MP: 0/43
 44998 | Spider:4 | Entered Level 4 of the Spider Nest
 45370 | Spider:4 | Reached skill level 10 in Ice Magic
 45650 | Spider:4 | Reached skill level 5 in Hexes
 46227 | Spider:4 | Identified Sif Muna's Almanac of Supportive Changing (Sif Muna gifted it to you on level 4 of the Spider Nest)
 46227 | Spider:4 | Received a gift from Sif Muna
 46602 | D:13     | Bought an uncursed ring of see invisible for 270 gold pieces
 47253 | Spider:4 | Got a gossamer rune of Zot
 47667 | Shoals:1 | Entered Level 1 of the Shoals
 48871 | Shoals:2 | Noticed a kraken
 48875 | Shoals:2 | Killed a kraken
 49798 | Shoals:2 | Upgraded the game from 0.22-a0-392-g5dc3fd9 to 0.22-a0-402-ga933591
 50039 | Shoals:3 | Received a gift from Sif Muna
 50145 | Shoals:3 | Got a jewelled short sword
 50146 | Shoals:3 | Identified the +7 short sword "Zisukk" {freeze, rC+} (You found it on level 3 of the Shoals)
 51280 | Shoals:4 | Entered Level 4 of the Shoals
 51614 | Shoals:4 | Reached XP level 18. HP: 100/100 MP: 44/44
 52056 | Shoals:4 | Noticed Ilsuiw
 52058 | Shoals:4 | Reached skill level 21 in Spellcasting
 52637 | Shoals:4 | Got a barnacled rune of Zot
 52661 | Shoals:4 | Noticed Donald
 52669 | Shoals:4 | Killed Donald
 52785 | Shoals:4 | Noticed Roxanne
 53043 | Shoals:4 | Killed Roxanne
 53045 | Shoals:4 | Identified Roxanne's Disquisition on the Rocks (You took it off Roxanne on level 4 of the Shoals)
 54332 | Shoals:4 | Killed Ilsuiw
 54623 | Vaults:1 | Entered Level 1 of the Vaults
 54818 | Vaults:1 | Identified Sif Muna's Incunabulum of Toxins and the Oath (Sif Muna gifted it to you on level 1 of the Vaults)
 54818 | Vaults:1 | Received a gift from Sif Muna
 55052 | Vaults:1 | Reached skill level 10 in Fighting
 57445 | Vaults:2 | Reached XP level 19. HP: 112/112 MP: 22/46
 57584 | Vaults:2 | Reached skill level 15 in Ice Magic
 57773 | Vaults:2 | Got a polished hat
 57789 | Vaults:2 | Identified the cursed +0 hat "Jieh" {+Fly rN+ Regen+} (You found it on level 2 of the Vaults)
 58226 | Vaults:2 | Identified Sif Muna's Tome of the Snowflakes (Sif Muna gifted it to you on level 2 of the Vaults)
 58226 | Vaults:2 | Received a gift from Sif Muna
 58308 | Vaults:2 | Learned a level 6 spell: Bolt of Cold
 59171 | Vaults:2 | Found Cugrat's Distillery.
 59340 | Vaults:2 | Learned a level 6 spell: Invisibility
 59347 | Vaults:2 | Learned a level 6 spell: Darkness
 59362 | Vaults:2 | Reached skill level 22 in Spellcasting
 60722 | Vaults:3 | Noticed Sojobo
 60905 | Vaults:3 | Killed Sojobo
 60905 | Vaults:3 | Received a gift from Sif Muna
 60905 | Vaults:3 | Reached skill level 23 in Spellcasting
 61174 | Vaults:3 | Noticed Jorgrun
 61189 | Vaults:2 | Killed Jorgrun
 61440 | Vaults:3 | Reached ****** piety under Sif Muna
 61776 | Vaults:3 | Found a staircase to the Crypt.
 62119 | Vaults:3 | Reached skill level 24 in Spellcasting
 62952 | Vaults:3 | Reached XP level 20. HP: 117/117 MP: 50/50
 63160 | Vaults:3 | Got a wavering platinum amulet
 63479 | Vaults:3 | Identified Kitikh's Volume of Orientation and Conjuration (Sif Muna gifted it to you on level 3 of the Vaults)
 63479 | Vaults:3 | Received a gift from Sif Muna
 63741 | Vaults:4 | Noticed Jory
 64591 | Vaults:4 | Identified the amulet "Senun" {+Rage rPois rF- Str+4 Slay+5} (You took it off an orc warrior on level 3 of the Vaults)
 64636 | Vaults:4 | Found Jiothrynue's Food Shop.
 65743 | Vaults:4 | Learned a level 6 spell: Simulacrum
 66195 | Vaults:4 | Identified Sif Muna's Incunabulum of Displaced Poisoning (Sif Muna gifted it to you on level 4 of the Vaults)
 66195 | Vaults:4 | Received a gift from Sif Muna
 67067 | Depths:1 | Entered Level 1 of the Depths
 68011 | Depths:1 | Found a gateway to Hell.
 68820 | Depths:2 | Found a one-way gate leading to the halls of Pandemonium.
 68851 | Depths:2 | Found a magical portal.
 68865 | WizLab   | Entered The Hall of the Hellbinder
 69533 | WizLab   | Reached XP level 21. HP: 122/122 MP: 47/51
 69684 | WizLab   | Identified Sif Muna's Almanac of Sinister Orientation (Sif Muna gifted it to you in a wizard's laboratory)
 69684 | WizLab   | Received a gift from Sif Muna
 69684 | WizLab   | Reached skill level 25 in Spellcasting
 69829 | WizLab   | Noticed Havunie
 69834 | WizLab   | Killed Havunie the Hellbinder
 69994 | WizLab   | Reached skill level 1 in Armour
 70043 | WizLab   | Found a burning altar of Makhleb.
 70090 | WizLab   | Got an ancient copper amulet
 70091 | WizLab   | Identified the amulet "Giqosun" {Gourm rPois MR+ Str+5} (You acquired it in a wizard's laboratory)
 70131 | WizLab   | Got a slimy golden ring
 70132 | WizLab   | Identified the ring of the Good {rPois rF+++ Str-2 Int-3 SInv} (You found it in a wizard's laboratory)
 70135 | WizLab   | Identified the Tome of the Entourage
 71614 | Depths:2 | Learned a level 8 spell: Controlled Blink
 73642 | Depths:3 | Found a one-way gate to the infinite horrors of the Abyss.
 74217 | Depths:3 | Identified Sif Muna's Tome of Creative Arcane Weapons (Sif Muna gifted it to you on level 3 of the Depths)
 74217 | Depths:3 | Received a gift from Sif Muna
 74240 | Depths:3 | Learned a level 7 spell: Orb of Destruction
 74788 | Depths:3 | HP: 1/122 [the Majin-Bo (6)]
 76199 | Depths:3 | Got a clouded iron amulet
 76208 | Depths:3 | Identified the amulet "Bicequs" {RegenMP rF+ MR+ Int+3} (You took it off a necromancer on level 3 of the Depths)
 76381 | Depths:3 | Noticed a caustic shrike
 76382 | Depths:3 | Noticed a caustic shrike
 76382 | Depths:3 | Noticed a caustic shrike
 76383 | Depths:3 | Noticed a caustic shrike
 76384 | Depths:3 | Killed a caustic shrike
 76502 | Depths:3 | Killed a caustic shrike
 76739 | Depths:3 | Killed a caustic shrike
 78021 | Depths:3 | Reached XP level 22. HP: 121/127 MP: 53/53
 78259 | Depths:3 | Noticed a golden dragon
 78453 | Depths:3 | Killed a golden dragon
 78690 | Depths:2 | HP: 1/127 [the Majin-Bo (8)]
 79162 | Depths:3 | Identified Zurchu's Tome of Conjuration and the Frostbite (Sif Muna gifted it to you on level 3 of the Depths)
 79162 | Depths:3 | Received a gift from Sif Muna
 79697 | Depths:3 | Killed a caustic shrike
 79855 | Depths:3 | Noticed a caustic shrike
 79862 | Depths:3 | Killed a caustic shrike
 80167 | Depths:4 | HP: 4/127 [something (6)]
 80771 | Depths:4 | Noticed a golden dragon
 80773 | Depths:4 | Killed a golden dragon
 81271 | Depths:4 | Reached skill level 15 in Translocations
 81835 | Depths:4 | Received a gift from Sif Muna
 82359 | Depths:4 | Identified the +4 chain mail "Oloczoca" {rC- Int+4} (You found it on level 4 of the Depths)
 82679 | Depths:5 | Entered Level 5 of the Depths
 82721 | Depths:5 | Noticed Xtahua
 83054 | Depths:5 | Killed Xtahua
 83054 | Depths:5 | Reached skill level 5 in Armour
 83523 | Depths:5 | Noticed a juggernaut
 83565 | Depths:4 | HP: 2/127 [the Majin-Bo (8)]
 85712 | Depths:4 | Killed a juggernaut
 86189 | Depths:5 | Noticed a golden dragon
 86193 | Depths:5 | Killed a golden dragon
 87173 | Depths:5 | Reached XP level 23. HP: 126/132 MP: 54/54
 87405 | Depths:5 | Learned a level 9 spell: Glaciate
 88564 | Depths:5 | Found Jetopuq's Food Shop.
 88566 | Depths:5 | Found Adoothruo's General Store.
 88618 | Depths:5 | Found a gateway to a ziggurat.
 88880 | Depths:5 | Found a gate to the Realm of Zot.
 89010 | Zig:1    | Entered Level 1 of a ziggurat
 89027 | Zig:2    | Entered Level 2 of a ziggurat
 89131 | Zig:3    | Entered Level 3 of a ziggurat
 89179 | Zig:4    | Entered Level 4 of a ziggurat
 89254 | Zig:4    | Gained mutation: You are dopey. (Int -2) [mutagenic glow]
 89422 | Zig:5    | Entered Level 5 of a ziggurat
 89429 | Zig:5    | Found the +8 autumn katana {slice, Clar}
 89541 | Zig:6    | Entered Level 6 of a ziggurat
 89832 | Zig:7    | Entered Level 7 of a ziggurat
 89859 | Zig:7    | Received a gift from Sif Muna
 89995 | Zig:8    | Entered Level 8 of a ziggurat
 90029 | Zig:9    | Entered Level 9 of a ziggurat
 90490 | Zig:10   | Entered Level 10 of a ziggurat
 90497 | Zig:10   | Noticed a Killer Klown
 90498 | Zig:10   | Noticed a Killer Klown
 90498 | Zig:10   | Noticed Dathripri the pandemonium lord
 90498 | Zig:10   | Noticed Cateuli the pandemonium lord
 90501 | Zig:10   | Killed a Killer Klown
 90502 | Zig:10   | Killed a Killer Klown
 90505 | Zig:10   | Killed Dathripri the pandemonium lord
 90522 | Zig:10   | Killed Cateuli the pandemonium lord
 90826 | Zig:10   | Identified the Disquisition on Hexes
 90848 | Depths:5 | Found the +3 pair of gauntlets of War {Slay+5}
 90850 | Depths:5 | Got a faintly glowing platinum amulet
 90865 | Depths:5 | Identified the amulet "Saluel Verch" {Spirit Dex+5} (You acquired it on level 5 of the Depths)
 91188 | Vaults:4 | Killed Jory
 91371 | Vaults:5 | Entered Level 5 of the Vaults
 91374 | Vaults:5 | Identified Sif Muna's Incunabulum of Quantum Confrontation (Sif Muna gifted it to you on level 5 of the Vaults)
 91374 | Vaults:5 | Received a gift from Sif Muna
 92044 | Vaults:4 | Reached XP level 24. HP: 96/137 MP: 29/54
 92650 | Vaults:4 | Gained mutation: You do not regenerate when monsters are visible. [mutagenic glow]
 93001 | Vaults:4 | Lost mutation: You do not regenerate when monsters are visible. [potion of mutation]
 93001 | Vaults:4 | Lost mutation: You are dopey. (Int -2) [potion of mutation]
 93001 | Vaults:4 | Gained mutation: You are robust. (+10% HP) [potion of mutation]
 93001 | Vaults:4 | Gained mutation: You have supernaturally acute eyesight. (SInv) [potion of mutation]
 93001 | Vaults:4 | Gained mutation: You are partially covered in large bone plates. (SH +4) [potion of mutation]
 93302 | Vaults:4 | Found Jiothrynue's Food Shop.
 95616 | Vaults:5 | Identified Iwnufatuuny's Volume of the Frostbite and Conjuration (Sif Muna gifted it to you on level 5 of the Vaults)
 95616 | Vaults:5 | Received a gift from Sif Muna
 96731 | Vaults:5 | Got a silver rune of Zot
 97338 | Vaults:5 | Got a wavering lapis lazuli ring
 97407 | Vaults:5 | Identified the ring of Ywikiu {rC+ Dex+3} (You took it off a deep elf mage on level 5 of the Vaults)
 98205 | Vaults:5 | Identified the Almanac of Transmigration and Stones
 98239 | Vaults:5 | Got a faintly glowing turquoise ring
 98879 | Zot:1    | Entered Level 1 of the Realm of Zot
 98933 | Zot:1    | Reached XP level 25. HP: 84/158 MP: 27/54
 99557 | Zot:1    | Received a gift from Sif Muna
101604 | Zot:3    | Reached skill level 26 in Spellcasting
101724 | Zot:3    | Identified the ring "Jeusuhe" {Str+8 Int+3 Dex-3 SInv} (You took it off a vault sentinel on level 5 of the Vaults)
102765 | Zot:3    | Received a gift from Sif Muna
104711 | Zot:3    | Reached skill level 10 in Armour
105207 | Zot:5    | Entered Level 5 of the Realm of Zot
105213 | Zot:5    | Noticed an orb of fire
105214 | Zot:5    | Noticed an orb of fire
106066 | Zot:4    | Reached XP level 26. HP: 155/165 MP: 6/55
106172 | Zot:5    | Killed an orb of fire
106175 | Zot:5    | Noticed an orb of fire
106334 | Zot:5    | Gained mutation: You are occasionally teleported next to monsters. [an orb of fire]
106335 | Zot:5    | Killed an orb of fire
106421 | Zot:5    | Lost mutation: You are robust. (+10% HP) [an orb of fire]
106427 | Zot:5    | Killed an orb of fire
106760 | Zot:5    | Identified Sif Muna's Guide on Black Rituals and Conjuration (Sif Muna gifted it to you on level 5 of the Realm of Zot)
106760 | Zot:5    | Received a gift from Sif Muna
106815 | Zot:5    | Noticed an orb of fire
106821 | Zot:5    | Killed an orb of fire
106821 | Zot:5    | Reached skill level 15 in Stealth
106827 | Zot:5    | Noticed an ancient lich
106964 | Zot:5    | Noticed an ancient lich
106967 | Zot:5    | Noticed an ancient lich
106976 | Zot:5    | Lost mutation: You are partially covered in large bone plates. (SH +4) [potion of mutation]
106976 | Zot:5    | Lost mutation: You have supernaturally acute eyesight. (SInv) [potion of mutation]
106976 | Zot:5    | Gained mutation: Your flesh is heat resistant. (rF+) [potion of mutation]
106976 | Zot:5    | Gained mutation: Your body sometimes deteriorates upon taking damage. [potion of mutation]
106976 | Zot:5    | Gained mutation: You are weak. (Str -2) [potion of mutation]
106976 | Zot:5    | Gained mutation: You can translocate small distances at will. [potion of mutation]
106976 | Zot:5    | HP: 1/150 [death cob (20)]
106977 | Zot:5    | Mangled by a death cob

Vault maps used:
D:1:      roderic_lyre, serial_corexii_hall, corexii_hall_statues_s,
          corexii_hall_statues_i, grunt_decor_fettered
D:2:      minmay_lizard_pond
D:3:      uniq_grinder
D:4:      first_ration
D:5:      nicolae_ru_sacrificial_ziggurat, lemuel_coloured_pillars_altar,
          minmay_temple_entry_trees, grunt_qazlal_clouds, uniq_edmund,
          uniq_eustachio, uniq_menkaure
D:6:      amethyst_overflow_temple_binary, grunt_ministairs_1,
          kennysheep_another_room, uniq_blork_the_orc
D:7:      dk_rats_in_the_wall, uniq_duvessa
D:8:      uniq_prince_ribbit1, uniq_maurice
D:9:      minmay_the_grid_3x2
D:10:     lair_entry_dummy, enter_bailey_2, basic_altar
D:11:     hangedman_stone_soup, uniq_gastronok, uniq_harold
D:12:     erik_orc_2, lab_entry_generic, roderic_lattice_a
D:13:     serial_shops, shop, uniq_snorg
D:14:     lightli_vaults_fourway_checkpoint, basic_altar
D:15:     gammafunk_depths_entry_grave, minmay_diamond_spiral
Temple:   dpeg_five_rooms_temple
Lair:1:   grunt_megastairs_1, infiniplex_staircase_pool,
          minmay_lair_oklob_chamber
Lair:2:   lemuel_slime, grunt_megastairs_4
Lair:3:   minmay_shoals_entry_beasts, nicolae_volcano_entry_two_sided,
          beast_lair_carwin_11, serial_bayou_shore_b
Lair:4:   nicolae_spider_entry_non_spiders, serial_bayou, serial_bayou_crossing,
          serial_bayou_shore_a, serial_bayou_pond_c, serial_bayou_lake_a,
          lookout_lair_type, serial_bayou_pond_b, lemuel_old_faithful
Lair:5:   basic_altar, serial_bayou_shore_b
Lair:6:   grunt_lair_end_beastmaster, nicolae_slime_entry_slimehenge,
          nicolae_quartered_pool_medium, serial_bayou_lagoon_a,
          serial_bayou_shore_b, infiniplex_staircase_pool_2
Shoals:1: nicolae_shoals_undead_eyrie
Shoals:2: nicolae_shoals_kraken_intersection
Shoals:4: shoals_end_grunt_ice, shoal_ilsuiw, uniq_roxanne, uniq_donald
Spider:1: hangedman_spider_tarantella_strand, uniq_agnes
Spider:2: spider_trap, minivault_29, uniq_nikola
Spider:4: spider_rune_water
Orc:1:    serial_shops, shop, basic_altar
Orc:2:    st_orc_open
Vaults:1: nicolae_vaults_what_the_h, ontoclasm_vaults_shout,
          vaults_dpeg_diagonal, v_misc_8, vaults_mumra_hexcomb,
          vaults_mumra_chevron_long, grunt_vaults_bifocal, v_pattern_4,
          nicolae_vaults_circle_grid_b, nicolae_vaults_asterisk,
          vaults_dpeg_hooks
Vaults:2: nicolae_vaults_little_squares_6, ontoclasm_vaults_ring_large,
          v_misc_26, v_misc_13, v_misc_3, vaults_room_octagon, v_alt_pattern_6,
          vaults_standard_mumra_x, v_misc_9, vaults_mumra_hex,
          ontoclasm_vaults_shuriken, serial_shops, shop
Vaults:3: vaults_dpeg_doors, v_misc_25, minmay_crypt_entry_simple_walls,
          ontoclasm_vaults_hangar, hangedman_vaults_snaps,
          nicolae_vaults_border_crossing, nicolae_vaults_little_squares_2,
          hangedman_vaults_trim, ontoclasm_vaults_misaligned,
          ontoclasm_vaults_claustrophobia, nicolae_vaults_triangles,
          hangedman_vaults_cutoff, ontoclasm_vaults_twist, v_misc_18,
          kb_rosetta, uniq_sojobo, uniq_jorgrun
Vaults:4: ontoclasm_vaults_idyll, grunt_vaults_twisty, vaults_dpeg_ring,
          hangedman_vaults_impose, hangedman_vaults_locks, v_rooms_2,
          hangedman_vaults_stagger, v_misc_33, st_smaller_cells,
          vaults_standard_mumra_enter_the_diamond, ontoclasm_vaults_gateway,
          serial_shops, nicolae_shop_crystal, uniq_jory
Vaults:5: serial_shops
Depths:1: hell_entry, abandoned_shop, minislime_mu
Depths:2: minmay_tri_stars, mu_enter_wizlab_6, serial_bayou_pond_b, hell_entry,
          grunt_pan_entry_zigzag
Depths:3: grunt_runaround, abyss_entry, pan_entry, hell_entry
Depths:4: lemuel_flame_loot_2, roderic_cross_of_infinity, lightli_too_deep,
          abyss_entry, hangedman_corner_corridor
Depths:5: grunt_zot_entry_bicorn, enter_ziggurat_d, solitary_fountain,
          hellmouth_1, serial_shops, freezing_bzr, minmay_shoptagon, uniq_xtahua
Zot:2:    grunt_megastairs_2
Zot:3:    lemuel_halls_of_wrath, lemuel_elevator
Zot:4:    grunt_ministairs_6, lemuel_elevator
Zot:5:    lemuel_lake_of_fire
Zig:8:    ziggurat_pillar_centre_oklobs
Lab:      nicolae_lab_dead_adventurers, nicolae_lab_plus, nicolae_lab_garden,
          nicolae_lab_blocks, lab_fountain, labyrinth_lava_lair,
          nicolae_lab_hexagon, nicolae_lab_lava, labyrinth_skeletal_remains
Bailey:   bailey_polearm_flooded_kennysheep, bailey
WizLab:   wizlab_demon

Skill      XL: |  1  2  3  4  5  6  7  8  9 10 11 12 13 14 15 16 17 18 19 20 21 22 23 24 25 26 |
---------------+-------------------------------------------------------------------------------+-----
Conjurations   | 5 7 8 9 11 12 15 | 15.0
Spellcasting   | 4 5 6 7 9 10 14 18 20 21 24 25 26 | 26.6
Dodging        | 3 4 5 7 8 10 12 13 15 16 17 19 20 21 | 21.3
Stealth        | 3 4 6 7 8 10 13 15 | 15.2
Hexes          | 2 3 5 8 |  8.0
Fighting       | 3 4 6 10 11 | 11.0
Translocations | 3 9 10 12 13 15 | 15.0
Poison Magic   | 2 7 8 |  8.0
Shields        | 4 |  4.0
Ice Magic      | 8 12 14 15 17 19 20 22 23 25 | 25.5
Armour         | 4 6 7 8 10 12 | 12.0

Action                   |  1- 3 |  4- 6 |  7- 9 | 10-12 | 13-15 | 16-18 | 19-21 | 22-24 | 25-27 || total
-------------------------+-------+-------+-------+-------+-------+-------+-------+-------+-------++-------
Melee: Unarmed           |     3 |       |     8 |       |       |       |       |       |       ||    11
       Dagger            |    11 |    13 |    11 |     9 |       |       |       |       |       ||    44
       Rapier            |       |       |    43 |       |       |       |       |       |       ||    43
       Staff             |       |       |       |    27 |   101 |    10 |    18 |     1 |     3 ||   160
Throw: Throwing net      |       |       |       |       |       |       |     1 |       |       ||     1
 Cast: Magic Dart        |    96 |    71 |   173 |   466 |    39 |       |       |       |       ||   845
       Searing Ray       |     1 |    12 |    27 |    20 |     2 |       |       |       |       ||    62
       Fulminant Prism   |       |     1 |    28 |    55 |    17 |     1 |       |       |       ||   102
       Iskenderun's Myst |       |     1 |     1 |   104 |   416 |   124 |    32 |       |       ||   678
       Force Lance       |       |       |    16 |    73 |    42 |    24 |     8 |     8 |       ||   171
       Confusing Touch   |       |       |     2 |     1 |       |       |     2 |       |       ||     5
       Dazzling Spray    |       |       |       |    43 |    19 |       |       |       |       ||    62
       Poisonous Vapours |       |       |       |    34 |   449 |    39 |       |       |       ||   522
       Poison Arrow      |       |       |       |       |    74 |   491 |   678 |   422 |   271 ||  1936
       Passage of Golubr |       |       |       |       |    14 |     5 |     7 |       |       ||    26
       Olgreb's Toxic Ra |       |       |       |       |    27 |    30 |    20 |     6 |       ||    83
       Irradiate         |       |       |       |       |     2 |       |       |       |       ||     2
       Ignite Poison     |       |       |       |       |     9 |    20 |    15 |     3 |       ||    47
       Gell's Gravitas   |       |       |       |       |     3 |    18 |    23 |     9 |       ||    53
       Iskenderun's Batt |       |       |       |       |     2 |       |       |       |       ||     2
       Blink             |       |       |       |       |     2 |       |       |       |       ||     2
       Metabolic Englaci |       |       |       |       |       |     3 |       |       |     1 ||     4
       Bolt of Cold      |       |       |       |       |       |       |    66 |    15 |    15 ||    96
       Darkness          |       |       |       |       |       |       |    13 |    23 |     2 ||    38
       Invisibility      |       |       |       |       |       |       |     6 |    14 |       ||    20
       Simulacrum        |       |       |       |       |       |       |     2 |       |       ||     2
       Controlled Blink  |       |       |       |       |       |       |    18 |    35 |     4 ||    57
       Orb of Destructio |       |       |       |       |       |       |    11 |    58 |    27 ||    96
       Glaciate          |       |       |       |       |       |       |       |    51 |    36 ||    87
Invok: Divine Energy     |       |       |     1 |       |       |       |       |       |       ||     1
       Forget Spell      |       |       |       |       |     1 |     4 |       |       |       ||     5
Evoke: Sack of spiders   |       |       |       |       |       |       |       |       |     2 ||     2
  Use: Scroll            |       |     8 |     6 |    13 |     7 |    15 |    22 |    18 |    10 ||    99
       Potion            |       |       |       |     1 |     1 |       |     5 |    16 |    12 ||    35
  Eat: Chunk             |     5 |     7 |    11 |    29 |    50 |    43 |    48 |    18 |     8 ||   219
       Ration            |       |       |     3 |     3 |       |     4 |     8 |    14 |     5 ||    37
Armor: Robe              |    11 |    12 |    54 |    31 |       |       |       |       |       ||   108
       Leather armour    |       |       |       |    33 |   135 |    86 |    61 |    69 |    40 ||   424
Dodge: Dodged            |    13 |    25 |   116 |   229 |   417 |   228 |   216 |   306 |   144 ||  1694
Block: Buckler           |       |       |       |       |    32 |    80 |    64 |    70 |    68 ||   314

Table legend:
 A = Spawn XP
 B = Non-spawn XP
 C = Spawn XP percentage of total XP
 D = Spawn monster count
 E = Non-spawn monster count
 F = Spawn count percentage of total count
 G = Total turns spent on level
                    A         B        C        D         E        F      G
               +---------+---------+-------+---------+---------+-------+---------
         Total |       0 | 1396134 |   0.0 |       0 |    2280 |   0.0 | 106977
               +---------+---------+-------+---------+---------+-------+---------
           D:1 |       0 |      42 |   0.0 |       0 |      27 |   0.0 |  1422
           D:2 |       0 |      54 |   0.0 |       0 |      31 |   0.0 |  1330
           D:3 |       0 |     345 |   0.0 |       0 |      22 |   0.0 |  1211
           D:4 |       0 |     652 |   0.0 |       0 |      13 |   0.0 |  1498
           D:5 |       0 |    1417 |   0.0 |       0 |      17 |   0.0 |  1722
           D:6 |       0 |    1427 |   0.0 |       0 |      25 |   0.0 |  1589
           D:7 |       0 |    1289 |   0.0 |       0 |      31 |   0.0 |  1615
           D:8 |       0 |    2464 |   0.0 |       0 |      21 |   0.0 |  2142
           D:9 |       0 |    4987 |   0.0 |       0 |      43 |   0.0 |  2437
          D:10 |       0 |    2181 |   0.0 |       0 |      18 |   0.0 |  1170
          D:11 |       0 |   10230 |   0.0 |       0 |      49 |   0.0 |  1956
          D:12 |       0 |    8541 |   0.0 |       0 |      65 |   0.0 |  1778
          D:13 |       0 |    7227 |   0.0 |       0 |      38 |   0.0 |  1247
          D:14 |       0 |   14477 |   0.0 |       0 |      39 |   0.0 |  1751
          D:15 |       0 |   32764 |   0.0 |       0 |      60 |   0.0 |  1891
        Lair:1 |       0 |    5375 |   0.0 |       0 |      12 |   0.0 |  1547
        Lair:2 |       0 |    5698 |   0.0 |       0 |      36 |   0.0 |  1663
        Lair:3 |       0 |    5673 |   0.0 |       0 |      26 |   0.0 |  1480
        Lair:4 |       0 |    9185 |   0.0 |       0 |      47 |   0.0 |  2856
        Lair:5 |       0 |    4679 |   0.0 |       0 |      12 |   0.0 |  1020
        Lair:6 |       0 |   16798 |   0.0 |       0 |      55 |   0.0 |  2621
      Shoals:1 |       0 |    6261 |   0.0 |       0 |      19 |   0.0 |  1165
      Shoals:2 |       0 |   11082 |   0.0 |       0 |      18 |   0.0 |  1142
      Shoals:3 |       0 |   18014 |   0.0 |       0 |      35 |   0.0 |  1589
      Shoals:4 |       0 |   37060 |   0.0 |       0 |      61 |   0.0 |  2939
      Spider:1 |       0 |   13689 |   0.0 |       0 |      39 |   0.0 |  1151
      Spider:2 |       0 |   25384 |   0.0 |       0 |      78 |   0.0 |  2303
      Spider:3 |       0 |   12097 |   0.0 |       0 |      28 |   0.0 |   655
      Spider:4 |       0 |   32786 |   0.0 |       0 |      64 |   0.0 |  2177
         Orc:1 |       0 |    2241 |   0.0 |       0 |      36 |   0.0 |   953
         Orc:2 |       0 |   25845 |   0.0 |       0 |      94 |   0.0 |  2346
      Vaults:1 |       0 |   37765 |   0.0 |       0 |      73 |   0.0 |  2424
      Vaults:2 |       0 |   62935 |   0.0 |       0 |      94 |   0.0 |  3951
      Vaults:3 |       0 |   61318 |   0.0 |       0 |      73 |   0.0 |  3846
      Vaults:4 |       0 |   96264 |   0.0 |       0 |     118 |   0.0 |  8202
      Vaults:5 |       0 |  161368 |   0.0 |       0 |     143 |   0.0 |  1908
      Depths:1 |       0 |   23341 |   0.0 |       0 |      46 |   0.0 |  2060
      Depths:2 |       0 |   47622 |   0.0 |       0 |      63 |   0.0 |  4557
      Depths:3 |       0 |  107211 |   0.0 |       0 |      98 |   0.0 |  6014
      Depths:4 |       0 |   56853 |   0.0 |       0 |      58 |   0.0 |  5306
      Depths:5 |       0 |   61804 |   0.0 |       0 |      49 |   0.0 |  2939
         Zot:1 |       0 |   19255 |   0.0 |       0 |      14 |   0.0 |  1736
         Zot:2 |       0 |   32946 |   0.0 |       0 |      18 |   0.0 |  1505
         Zot:3 |       0 |   89639 |   0.0 |       0 |      68 |   0.0 |  2452
         Zot:4 |       0 |   38953 |   0.0 |       0 |      19 |   0.0 |  1724
         Zot:5 |       0 |   72570 |   0.0 |       0 |      27 |   0.0 |   194
         Zig:1 |       0 |    1143 |   0.0 |       0 |       1 |   0.0 |    17
         Zig:2 |       0 |    2872 |   0.0 |       0 |       2 |   0.0 |   104
         Zig:3 |       0 |    4662 |   0.0 |       0 |       4 |   0.0 |    48
         Zig:4 |       0 |    3398 |   0.0 |       0 |       8 |   0.0 |   243
         Zig:5 |       0 |    5875 |   0.0 |       0 |       8 |   0.0 |   119
         Zig:6 |       0 |    8937 |   0.0 |       0 |       7 |   0.0 |   291
         Zig:7 |       0 |    6304 |   0.0 |       0 |      13 |   0.0 |   163
         Zig:8 |       0 |   12675 |   0.0 |       0 |      16 |   0.0 |    34
         Zig:9 |       0 |    9203 |   0.0 |       0 |      17 |   0.0 |   461
        Zig:10 |       0 |   25087 |   0.0 |       0 |      15 |   0.0 |   344
           Lab |       0 |    1223 |   0.0 |       0 |       1 |   0.0 |   238
        Bailey |       0 |    2277 |   0.0 |       0 |      39 |   0.0 |  1995
        WizLab |       0 |   22670 |   0.0 |       0 |      29 |   0.0 |  1557
               +---------+---------+-------+---------+---------+-------+---------
